[Event "December 19 Late 2023"]
[Site "https://www.chess.com"]
[Date "2023.12.19"]
[Round "2"]
[White "Ezat, Mohamed"]
[Black "Bluebaum, Matthias"]
[Result "0-1"]
[Board "7"]
[TimeControl "180+1"]
[WhiteFideId "10600906"]
[BlackFideId "24651516"]
[WhiteElo "2367"]
[BlackElo "2621"]
[WhiteTeam "EGY"]
[BlackTeam "GER"]
[WhiteClock "0:00:35"]
[BlackClock "0:02:06"]

1. d4 d5 2. c4 e6 3. Nc3 Bb4 4. Nf3 Nf6 5. Bg5 h6 6. Bxf6 Qxf6 7. Rc1 c5 8. cxd5 exd5 9. e3 O-O 10. h3 Nc6 11. dxc5 Rd8 12. Qb3 d4 13. exd4 Nxd4 14. Qxb4 Qf4 15. Nxd4 Rxd4 16. Qxd4 Qxd4 17. Be2 Qxc5 18. O-O Be6 19. Bf3 Qb6 20. Rc2 Rd8 21. Rfc1 g6 22. b3 Qb4 23. Na4 b6 24. Nc3 Qf4 25. Ne2 Qf6 26. Ng3 Bxh3 27. Rc7 Be6 28. Rxa7 h5 29. Ne4 Qf4 30. Rb7 Qxc1+ 0-1

[Event "December 19 Late 2023"]
[Site "https://www.chess.com"]
[Date "2023.12.19"]
[Round "2"]
[White "Keymer, Vincent"]
[Black "Lizak, Peter"]
[Result "1-0"]
[Board "8"]
[TimeControl "180+1"]
[WhiteFideId "12940690"]
[BlackFideId "731595"]
[WhiteElo "2629"]
[BlackElo "2420"]
[WhiteTeam "GER"]
[BlackTeam "HUN"]
[WhiteClock "0:00:35"]
[BlackClock "0:00:00"]

1. h3 d5 2. Nf3 Nc6 3. d4 Bf5 4. c4 e6 5. cxd5 exd5 6. Bg5 Bb4+ 7. Nc3 Nge7 8. e3 f6 9. Bf4 g5 10. Bh2 h5 11. a3 Bd6 12. Bxd6 Qxd6 13. g3 O-O-O 14. Bg2 Kb8 15. Rc1 Qe6 16. h4 Bg4 17. Qd3 Nf5 18. hxg5 Bxf3 19. Bxf3 fxg5 20. Kd2 g4 21. Bg2 h4 22. gxh4 Nxh4 23. Rcg1 Qf7 24. Qe2 Nxg2 25. Rxh8 Rxh8 26. Rxg2 Na5 27. Qxg4 Nc4+ 28. Kc2 Qxf2+ 29. Kb3 Nxe3 30. Qh3 Qc2+ 31. Ka2 1-0

[Event "December 19 Late 2023"]
[Site "https://www.chess.com"]
[Date "2023.12.19"]
[Round "2"]
[White "Kokoszczynski, Jan"]
[Black "Van Foreest, Jorden"]
[Result "0-1"]
[Board "9"]
[TimeControl "180+1"]
[WhiteFideId "1174460"]
[BlackFideId "1039784"]
[WhiteElo "2266"]
[BlackElo "2664"]
[WhiteTeam "POL"]
[BlackTeam "NED"]
[WhiteClock "0:00:01"]
[BlackClock "0:01:13"]

1. e4 c5 2. Nf3 d6 3. Bb5+ Nd7 4. Ba4 Nf6 5. O-O a6 6. c4 e6 7. Nc3 b6 8. d3 Bb7 9. Re1 Be7 10. Rb1 O-O 11. a3 Rc8 12. Bd2 Ne5 13. Qe2 Nxf3+ 14. Qxf3 Nd7 15. Qe2 Bf6 16. Bf4 Ne5 17. h3 Ng6 18. Be3 Bd4 19. Qd2 f5 20. Bxd4 cxd4 21. Ne2 e5 22. exf5 Nh4 23. f3 Bxf3 24. Ng3 Bxg2 25. Bd1 Bb7 26. Rf1 Rc7 27. Bg4 Rcf7 28. b4 Qc7 29. Qg5 Qe7 30. Qxe7 Rxe7 31. Rbe1 Ref7 32. Rf2 g6 33. Ref1 h5 34. Bd1 gxf5 35. Kh2 f4 36. Nxh5 Kh8 37. Bg4 Rh7 38. Kg1 Rh6 39. c5 bxc5 40. bxc5 dxc5 41. Rb1 Bd5 42. Rc1 c4 43. dxc4 Bc6 44. Re1 Rxh5 45. Bxh5 e4 46. Bg4 e3 47. Rb2 f3 48. Rd1 d3 49. Rxd3 f2+ 50. Kh2 0-1

[Event "December 19 Late 2023"]
[Site "https://www.chess.com"]
[Date "2023.12.19"]
[Round "2"]
[White "Sarana, Alexey"]
[Black "Domingo Nunez, Alejandro"]
[Result "1-0"]
[Board "10"]
[TimeControl "180+1"]
[WhiteFideId "24133795"]
[BlackFideId "22245561"]
[WhiteElo "2707"]
[BlackElo "2252"]
[WhiteTeam "SRB"]
[BlackTeam "ESP"]
[WhiteClock "0:00:11"]
[BlackClock "0:00:00"]

1. d4 Nf6 2. c4 g6 3. Nc3 Bg7 4. e4 d6 5. Bd3 O-O 6. Nge2 c5 7. f3 cxd4 8. Nxd4 Nc6 9. Nxc6 bxc6 10. O-O Rb8 11. Kh1 Qa5 12. Qc2 Qb4 13. Rb1 Ba6 14. b3 Nd7 15. Bd2 Qc5 16. f4 Qa3 17. Rf3 Nc5 18. Be2 Ne6 19. Be3 Nd4 20. Bxd4 Bxd4 21. Rd1 Bg7 22. Bd3 Qa5 23. Ne2 Bb7 24. Ng3 Qc5 25. h3 a5 26. Rdf1 a4 27. Ne2 Ba6 28. Qd1 Qa3 29. Nc1 Bb2 30. Bb1 Bg7 31. f5 axb3 32. axb3 Qb2 33. Bc2 Qd4 34. Rd3 Qc5 35. Rd2 Bb7 36. Nd3 Qb6 37. Rdf2 Ra8 38. Qg4 Qd4 39. fxg6 hxg6 40. Nf4 Ra2 41. Ne6 fxe6 42. Rxf8+ Bxf8 43. Qxe6+ Kh7 44. Rxf8 1-0

[Event "December 19 Late 2023"]
[Site "https://www.chess.com"]
[Date "2023.12.19"]
[Round "2"]
[White "Rojas Alarcon, Julian Antonio"]
[Black "Bortnyk, Mykola"]
[Result "1-0"]
[Board "11"]
[TimeControl "180+1"]
[WhiteFideId "5107407"]
[BlackFideId "14120836"]
[WhiteElo "2340"]
[BlackElo "2592"]
[WhiteTeam "MEX"]
[BlackTeam "UKR"]
[WhiteClock "0:00:12"]
[BlackClock "0:00:00"]

1. d4 Nf6 2. c4 e6 3. Nc3 Bb4 4. Qc2 c5 5. dxc5 Qa5 6. Bd2 Na6 7. e3 O-O 8. a3 Bxc5 9. Nf3 Qc7 10. b4 Be7 11. c5 b6 12. Qa4 Nb8 13. Nb5 Qb7 14. cxb6 axb6 15. Qb3 Nc6 16. Bd3 d5 17. Bc3 Qb8 18. Rc1 e5 19. Nd2 Be6 20. Qd1 d4 21. Bb2 dxe3 22. Rxc6 exd2+ 23. Qxd2 Rd8 24. Qe2 e4 25. Bc4 Bg4 26. f3 Bd7 27. Rc7 exf3 28. Qxe7 Kh8 29. Bxf7 f2+ 30. Kxf2 Ng4+ 31. Kf3 Bc6+ 32. Kxg4 h5+ 33. Bxh5 Rg8 34. Bxg7+ Kh7 35. Qf7 1-0

[Event "December 19 Late 2023"]
[Site "https://www.chess.com"]
[Date "2023.12.19"]
[Round "2"]
[White "Deac, Bogdan-Daniel"]
[Black "Ozates, Tuna"]
[Result "1-0"]
[Board "12"]
[TimeControl "180+1"]
[WhiteFideId "1226380"]
[BlackFideId "6354521"]
[WhiteElo "2641"]
[BlackElo "2151"]
[WhiteTeam "ROU"]
[BlackTeam "TUR"]
[WhiteClock "0:00:47"]
[BlackClock "0:00:31"]

1. b3 c5 2. Bb2 Nc6 3. e3 d6 4. d4 cxd4 5. exd4 e6 6. d5 exd5 7. Nf3 Nf6 8. Nc3 Be6 9. Bd3 Be7 10. O-O O-O 11. Ne2 Ne4 12. Nf4 Bf6 13. Qc1 Bxb2 14. Qxb2 Qf6 15. Qxf6 Nxf6 16. h3 Nb4 17. Nd4 Bd7 18. g4 Nxd3 19. cxd3 h6 20. f3 g5 21. Ng2 Rfe8 22. h4 Kg7 23. Kf2 a5 24. Rh1 a4 25. b4 a3 26. Ne3 Rxe3 27. Kxe3 Re8+ 28. Kf2 Ra8 29. hxg5 hxg5 30. Rhc1 Ne8 31. Rc3 Ra4 32. Nc2 Bb5 33. Rd1 Kg6 34. Rxa3 Nc7 35. Rc1 Ne6 36. Rxa4 Bxa4 37. Ke3 Nf4 38. Nd4 Ng2+ 39. Kd2 Nf4 40. Rc7 1-0

[Event "December 19 Late 2023"]
[Site "https://www.chess.com"]
[Date "2023.12.19"]
[Round "2"]
[White "Hajiyev, Kanan"]
[Black "Esipenko, Andrey"]
[Result "0-1"]
[Board "13"]
[TimeControl "180+1"]
[WhiteFideId "13404148"]
[BlackFideId "24175439"]
[WhiteElo "2102"]
[BlackElo "2615"]
[WhiteTeam "AZE"]
[BlackTeam "FID"]
[WhiteClock "0:00:04"]
[BlackClock "0:00:11"]

1. d4 g6 2. Nf3 Bg7 3. g3 b5 4. Bg2 Bb7 5. O-O e6 6. b3 d6 7. Bb2 Nd7 8. Nbd2 Ngf6 9. c4 a6 10. Rc1 c5 11. e3 O-O 12. Qc2 b4 13. Rfd1 Qc7 14. Ng5 Bxg2 15. Kxg2 a5 16. dxc5 Nxc5 17. Kg1 Qc6 18. Bxf6 Bxf6 19. Nge4 Bg7 20. Nxc5 dxc5 21. Qe4 Qc7 22. Qf4 Be5 23. Qh6 a4 24. Nf3 Bg7 25. Qh4 axb3 26. axb3 Rfd8 27. Ng5 h6 28. Ne4 g5 29. Qh5 Qe5 30. Qf3 g4 31. Qf4 Qh5 32. Rxd8+ Rxd8 33. Qf6 Rd7 34. Ra1 Kh7 35. Rb1 Kh8 36. Qf4 e5 37. Nf6 Qg6 38. Qxg4 Qxb1+ 39. Kg2 Rd8 40. Nd5 Qxb3 41. e4 Qxc4 42. Qf5 b3 43. Nf6 Bxf6 44. Qxf6+ Kh7 45. Qxd8 b2 46. Qb6 Qxe4+ 47. Kh3 b1=Q 48. Qf6 Qf5+ 49. Kh4 0-1

[Event "December 19 Late 2023"]
[Site "https://www.chess.com"]
[Date "2023.12.19"]
[Round "2"]
[White "Ivic, Velimir"]
[Black "Ambartsumova, Karina"]
[Result "1-0"]
[Board "14"]
[TimeControl "180+1"]
[WhiteFideId "950122"]
[BlackFideId "4166299"]
[WhiteElo "2542"]
[BlackElo "2240"]
[WhiteTeam "SRB"]
[BlackTeam "RUS"]
[WhiteClock "0:00:19"]
[BlackClock "0:00:04"]

1. e4 e5 2. Nf3 Nc6 3. Bb5 Nf6 4. d3 d6 5. O-O Bd7 6. Re1 g6 7. a4 Bg7 8. a5 a6 9. Bc4 O-O 10. Nc3 Kh8 11. h3 Qe8 12. Bd2 Nh5 13. Nd5 Rc8 14. c3 f5 15. d4 f4 16. Qb3 Nd8 17. Rad1 h6 18. Bc1 g5 19. dxe5 dxe5 20. Qa3 Nc6 21. b4 g4 22. hxg4 Bxg4 23. b5 axb5 24. Bxb5 Qg6 25. Kf1 Rg8 26. a6 Bf8 27. Qa4 Bxf3 28. gxf3 Qg2+ 29. Ke2 Ng3+ 30. Kd3 Qxf3+ 31. Kc4 Nxe4 32. axb7 Nd6+ 33. Kb3 Rb8 34. Bxc6 Nxb7 35. Kc2 Nc5 36. Qc4 Qxf2+ 37. Bd2 e4 38. Nf6 Rg2 39. Nxe4 Nxe4 40. Bxe4 Bg7 41. Bxg2 Qxg2 42. Qe4 Qg5 43. Rg1 Qa5 44. Ra1 Qc5 45. Ra8 Rxa8 46. Qxa8+ Kh7 47. Qe4+ Kh8 48. Qg6 Qe7 49. Bxf4 Qe2+ 50. Bd2 Qe7 51. Bxh6 Qe2+ 52. Bd2 Qe7 53. Rh1+ Kg8 54. Qh7+ Kf8 55. Rf1+ Ke8 56. Qg6+ Kd7 57. Rf7 1-0

[Event "December 19 Late 2023"]
[Site "https://www.chess.com"]
[Date "2023.12.19"]
[Round "2"]
[White "Sivakumar, Shaaketh"]
[Black "Daneshvar, Bardiya"]
[Result "1-0"]
[Board "15"]
[TimeControl "180+1"]
[WhiteFideId "30940176"]
[BlackFideId "12576468"]
[WhiteElo "2292"]
[BlackElo "2483"]
[WhiteTeam "USA"]
[BlackTeam "IRI"]
[WhiteClock "0:00:33"]
[BlackClock "0:00:08"]

1. Nf3 b6 2. g3 Bb7 3. Bg2 g5 4. h3 h5 5. c4 Bg7 6. Nc3 c5 7. d3 g4 8. hxg4 hxg4 9. Rxh8 Bxh8 10. Nh4 Bxg2 11. Nxg2 Nc6 12. e3 Ne5 13. Kd2 Nf3+ 14. Kc2 e6 15. Qh1 Bxc3 16. bxc3 Qg5 17. Nh4 Qf6 18. Nxf3 Qxf3 19. Qxf3 gxf3 20. e4 Nf6 21. Bg5 Nh7 22. Rh1 Nxg5 23. Rh8+ Ke7 24. Rxa8 Nh3 25. Rh8 Nxf2 26. Rh4 e5 27. Kd2 d6 28. Ke3 Nd1+ 29. Kxf3 Nxc3 30. a3 Nb1 31. Rh8 Nxa3 32. Ra8 a5 33. Ra6 b5 34. cxb5 Nxb5 35. Rxa5 Nd4+ 36. Ke3 Ke6 37. g4 Nc6 38. Ra8 Ne7 39. Re8 Kd7 40. Rf8 Ke6 41. Rh8 Ng6 42. Rh5 Nf4 43. Rf5 Ng2+ 44. Kd2 Nf4 45. Rg5 Ng6 46. Rh5 Nf4 47. Rh6+ Ke7 48. Kc3 Ng2 49. g5 Nf4 50. Kc4 Kd7 51. Rf6 Ke7 52. Rh6 Kd7 53. Rh2 Ke6 54. Ra2 Nh3 55. Rg2 Nf4 56. Rg1 Ke7 57. Rg3 Ne2 58. g6 fxg6 59. Rxg6 Nf4 60. Rg7+ Ke6 61. Ra7 Kf6 62. Rh7 Ke6 63. Rh6+ Kd7 64. Rh1 Kc6 65. Rd1 Ng2 66. Ra1 Ne3+ 67. Kc3 Ng2 68. Kd2 Nf4 69. Rh1 Kb5 70. Rh6 Kc6 71. Kc3 Ne2+ 72. Kc4 Nf4 73. Rh8 Ng2 74. Rc8+ Kd7 75. Ra8 Ne3+ 76. Kb5 Nc2 77. Ra7+ Ke6 78. Ra2 Nb4 79. Rd2 Kd7 80. Kc4 Kc6 81. Rg2 Kd7 82. Rg3 Kc6 83. Rg7 Nc2 84. Rg3 Nd4 85. Re3 Kd7 86. Kc3 Kc7 87. Rh3 Kd7 88. Rh2 Kd8 89. Kc4 Kc7 90. Kd5 Nb5 91. Rh7+ Kb6 92. Rd7 Ka5 93. Rxd6 Nxd6 94. Kxd6 1-0

[Event "December 19 Late 2023"]
[Site "https://www.chess.com"]
[Date "2023.12.19"]
[Round "2"]
[White "Sanal, Vahap"]
[Black "Deng, Henry"]
[Result "1-0"]
[Board "16"]
[TimeControl "180+1"]
[WhiteFideId "6300545"]
[BlackFideId "30965454"]
[WhiteElo "2637"]
[BlackElo "2591"]
[WhiteTeam "TUR"]
[BlackTeam "USA"]
[WhiteClock "0:01:19"]
[BlackClock "0:00:45"]

1. e4 c5 2. Nf3 e6 3. d4 cxd4 4. Nxd4 Nf6 5. Nc3 Nc6 6. Qd3 d5 7. exd5 Nb4 8. Qg3 Nbxd5 9. Nxd5 Qxd5 10. Nb5 Bb4+ 11. c3 Ba5 12. Qxg7 Qe5+ 13. Be2 Rg8 14. Qh6 Rxg2 15. Bf4 Qf5 16. Nd6+ Ke7 17. Nxf5+ exf5 18. Bg5 Rxg5 19. Qxg5 Be6 20. O-O-O Rg8 21. Qf4 Ne8 22. Qh4+ Nf6 23. Rhg1 Rc8 24. Rge1 Bb6 25. Bc4 Bxf2 26. Qxf2 Rxc4 27. Qxf5 Rc6 28. Qg5 a6 29. Rf1 Bxa2 30. Rxf6 Rxf6 31. Rf1 Be6 32. Qxf6+ Kd6 33. Qxf7 Bxf7 34. Rxf7 h5 35. Rh7 Ke5 36. Rxh5+ Kf4 37. Rh3 Kg4 38. Rg3+ Kh4 39. Kd2 Kh5 40. Ke3 Kh4 41. Kf4 Kh5 42. Rg7 b5 43. Ra7 b4 44. Rxa6 Kh4 45. Rh6# 1-0

[Event "December 19 Late 2023"]
[Site "https://www.chess.com"]
[Date "2023.12.19"]
[Round "2"]
[White "Colas, Joshua"]
[Black "Grigoriants, Sergey"]
[Result "1/2-1/2"]
[Board "17"]
[TimeControl "180+1"]
[WhiteFideId "2044447"]
[BlackFideId "4130804"]
[WhiteElo "2347"]
[BlackElo "2532"]
[WhiteTeam "USA"]
[BlackTeam "HUN"]
[WhiteClock "0:00:07"]
[BlackClock "0:00:05"]

1. Nf3 d5 2. d4 Nf6 3. Bf4 c5 4. e3 Nc6 5. c3 Qb6 6. Qb3 c4 7. Qc2 Bf5 8. Qc1 e6 9. Nbd2 h6 10. h3 Rc8 11. Be2 Be7 12. O-O O-O 13. b3 cxb3 14. axb3 Nb4 15. c4 Nd3 16. Bxd3 Bxd3 17. c5 Qb5 18. Re1 a5 19. Ne5 b6 20. Qa3 bxc5 21. Qxa5 cxd4 22. Qxb5 Bxb5 23. exd4 Bb4 24. Rac1 Ne4 25. Nxe4 Bxe1 26. Rxc8 Rxc8 27. Nd6 Rb8 28. Nexf7 Ba6 29. Ne5 Rxb3 30. Be3 Rb2 31. Ndf7 Bd2 32. Nd8 Bxe3 33. fxe3 Bc8 34. Ndc6 Kh7 35. Ne7 Ba6 36. Nd7 Rb7 37. Nf8+ Kh8 38. Nfg6+ Kh7 39. Nf8+ Kh8 40. Nfg6+ Kh7 41. Nf8+ 1/2-1/2

[Event "December 19 Late 2023"]
[Site "https://www.chess.com"]
[Date "2023.12.19"]
[Round "2"]
[White "Khismatullin, Denis"]
[Black "Roebers, Eline"]
[Result "1-0"]
[Board "18"]
[TimeControl "180+1"]
[WhiteFideId "4142578"]
[BlackFideId "1058401"]
[WhiteElo "2552"]
[BlackElo "2589"]
[WhiteTeam "RUS"]
[BlackTeam "NED"]
[WhiteClock "0:02:25"]
[BlackClock "0:01:04"]

1. e4 c5 2. Nf3 e6 3. c3 Nf6 4. e5 Nd5 5. Bc4 Nc6 6. d4 cxd4 7. cxd4 d6 8. O-O Be7 9. Re1 O-O 10. exd6 Bxd6 11. Nc3 Nxc3 12. bxc3 b6 13. Bd3 h6 14. Qe2 Bb7 15. Qe4 g6 16. Bxh6 Re8 17. Bg5 Be7 18. Qh4 Rc8 19. Rxe6 1-0

[Event "December 19 Late 2023"]
[Site "https://www.chess.com"]
[Date "2023.12.19"]
[Round "2"]
[White "Derakhshani, Borna"]
[Black "Sjugirov, Sanan"]
[Result "0-1"]
[Board "19"]
[TimeControl "180+1"]
[WhiteFideId "12518450"]
[BlackFideId "4189302"]
[WhiteElo "2286"]
[BlackElo "2569"]
[WhiteTeam "ENG"]
[BlackTeam "HUN"]
[WhiteClock "0:00:00"]
[BlackClock "0:00:27"]

1. e4 c5 2. Nf3 d6 3. d4 cxd4 4. Nxd4 Nf6 5. Nc3 a6 6. Be2 e5 7. Nb3 Be7 8. Be3 Be6 9. Nd5 Bxd5 10. exd5 Nbd7 11. a4 Rc8 12. O-O Nb6 13. Bf3 O-O 14. Re1 Nfd7 15. Na5 Qc7 16. b3 f5 17. c4 e4 18. Be2 Bf6 19. Rc1 Bb2 20. Rc2 Be5 21. Ra2 Bc3 22. Bd2 Bxd2 23. Qxd2 Ne5 24. Rc1 f4 25. f3 exf3 26. Bxf3 Nxf3+ 27. gxf3 Nd7 28. b4 Ne5 29. Ra3 b6 30. Nc6 Nxc6 31. dxc6 Qxc6 32. Rd3 Rf6 33. Qc2 Re8 34. Rd5 h6 35. Rcd1 Qc7 36. Kg2 Re3 37. R1d3 Qe7 38. Rxe3 fxe3 39. Qe2 Rg6+ 40. Kh1 Qf6 41. Rd1 Qf4 42. c5 dxc5 43. bxc5 bxc5 44. a5 c4 45. Rc1 Rc6 46. Rc3 Qf5 47. Rxe3 c3 48. Re5 Qb1+ 49. Kg2 Qg6+ 50. Kh3 c2 51. Re8+ Kh7 0-1

[Event "December 19 Late 2023"]
[Site "https://www.chess.com"]
[Date "2023.12.19"]
[Round "2"]
[White "Drygalov, Sergey"]
[Black "Assylov, Miras"]
[Result "1-0"]
[Board "20"]
[TimeControl "180+1"]
[WhiteFideId "24171743"]
[BlackFideId "13728873"]
[WhiteElo "2504"]
[BlackElo "1991"]
[WhiteTeam "RUS"]
[BlackTeam "KAZ"]
[WhiteClock "0:01:38"]
[BlackClock "0:00:00"]

1. d4 Nf6 2. c4 g6 3. Nf3 Bg7 4. g3 O-O 5. Bg2 d6 6. O-O Nc6 7. Nc3 e5 8. dxe5 Nxe5 9. Qb3 Nfd7 10. Nxe5 Nxe5 11. Bf4 c6 12. Qb4 Qe7 13. Rad1 Rd8 14. Ne4 a5 15. Qa4 h6 16. b3 d5 17. cxd5 cxd5 18. Nc3 d4 19. Nb5 Bd7 20. Rxd4 Nf3+ 21. Bxf3 Bxd4 22. Bxb7 Qxe2 23. Nxd4 Qxf1+ 24. Kxf1 Bxa4 25. bxa4 Rab8 26. Bxb8 Rxb8 27. Bc6 Rb2 28. Nb3 Rxa2 29. Nxa5 Ra1+ 30. Kg2 Rc1 31. Bb5 Rc5 32. Nb7 Re5 33. Bc4 Re4 34. Bxf7+ Kg7 35. Bb3 Rb4 36. Nc5 Kf6 37. Bd5 Ke5 38. Nd3+ 1-0

[Event "December 19 Late 2023"]
[Site "https://www.chess.com"]
[Date "2023.12.19"]
[Round "2"]
[White "Estrada Nieto, Julian"]
[Black "Svane, Rasmus"]
[Result "0-1"]
[Board "21"]
[TimeControl "180+1"]
[WhiteFideId "5101018"]
[BlackFideId "4657101"]
[WhiteElo "2161"]
[BlackElo "2597"]
[WhiteTeam "ESP"]
[BlackTeam "GER"]
[WhiteClock "0:00:00"]
[BlackClock "0:00:25"]

1. e4 c6 2. d4 d5 3. Nc3 dxe4 4. Nxe4 Nf6 5. Nxf6+ exf6 6. c3 Bd6 7. Bd3 O-O 8. Ne2 Re8 9. O-O Nd7 10. Ng3 Nf8 11. f4 c5 12. d5 a6 13. c4 Bd7 14. a4 Qc7 15. Ne4 b5 16. b3 bxa4 17. bxa4 Rab8 18. Bd2 Ng6 19. Nxd6 Qxd6 20. Rb1 Rxb1 21. Bxb1 Qb6 22. Bc2 Qb2 23. Bc1 Qb4 24. Qd3 Bxa4 25. Bd2 Bxc2 26. Qxc2 Qb6 27. Rb1 Qd6 28. Qf5 h6 29. Kf1 a5 30. Bxa5 Nxf4 31. Rb6 Qe7 32. Qxf4 Qe2+ 33. Kg1 Qd1+ 34. Qf1 Qd4+ 35. Kh1 Ra8 36. Be1 Ra1 0-1

[Event "December 19 Late 2023"]
[Site "https://www.chess.com"]
[Date "2023.12.19"]
[Round "2"]
[White "Rasulov, Vugar"]
[Black "Przybylski, Wojciech"]
[Result "1-0"]
[Board "22"]
[TimeControl "180+1"]
[WhiteFideId "13402390"]
[BlackFideId "1117599"]
[WhiteElo "2517"]
[BlackElo "2203"]
[WhiteTeam "AZE"]
[BlackTeam "POL"]
[WhiteClock "0:00:49"]
[BlackClock "0:00:13"]

1. d4 Nf6 2. c4 e6 3. Nf3 d5 4. Nc3 c6 5. g3 Nbd7 6. Bg2 dxc4 7. a4 Bb4 8. O-O O-O 9. Qc2 Re8 10. Rd1 Qa5 11. h4 e5 12. Bg5 exd4 13. Rxd4 h6 14. Bd2 Nb6 15. Qc1 Bf5 16. Bxh6 gxh6 17. Qxh6 Nh7 18. g4 Bf8 19. Qh5 c5 20. Qxf5 Re6 21. g5 Qb4 22. Rf4 Re7 23. Rb1 Nc8 24. Nd5 Nd6 25. Nxe7+ Bxe7 26. Qe5 Re8 27. g6 fxg6 28. Qe6+ Kg7 29. Ne5 Bf6 30. Qxd6 Bxe5 31. Qd7+ Kh6 32. Rf7 Rh8 33. Qe7 Bxb2 34. Qe3+ Kh5 35. Bf3+ Kxh4 36. Qh6# 1-0

[Event "December 19 Late 2023"]
[Site "https://www.chess.com"]
[Date "2023.12.19"]
[Round "2"]
[White "Keleberda, Tymur"]
[Black "Tari, Aryan"]
[Result "0-1"]
[Board "23"]
[TimeControl "180+1"]
[WhiteFideId "14174294"]
[BlackFideId "1510045"]
[WhiteElo "2198"]
[BlackElo "2577"]
[WhiteTeam "CAN"]
[BlackTeam "NOR"]
[WhiteClock "0:00:13"]
[BlackClock "0:00:57"]

1. e4 e5 2. Nf3 Nc6 3. Bc4 Nf6 4. d4 exd4 5. e5 Ne4 6. Qe2 Nc5 7. O-O Ne6 8. Bxe6 dxe6 9. Rd1 b6 10. Nc3 Bc5 11. Bg5 Qd7 12. Nb5 Bb7 13. c3 h6 14. Be3 a6 15. cxd4 Be7 16. Nc3 Nb4 17. a3 Nd5 18. Nxd5 Qxd5 19. Rac1 O-O-O 20. Qc4 Qxc4 21. Rxc4 Rd7 22. Rdc1 Kb8 23. Nd2 Rhd8 24. f3 f5 25. f4 g5 26. fxg5 hxg5 27. Nf3 f4 28. Bf2 g4 29. Ne1 Rg8 30. Nd3 Bg5 31. Rf1 g3 32. hxg3 fxg3 33. Bxg3 Be3+ 34. Kh2 Rh7+ 0-1

[Event "December 19 Late 2023"]
[Site "https://www.chess.com"]
[Date "2023.12.19"]
[Round "2"]
[White "Kovalev, Vladislav"]
[Black "Spata, German"]
[Result "1-0"]
[Board "24"]
[TimeControl "180+1"]
[WhiteFideId "13504398"]
[BlackFideId "113026"]
[WhiteElo "2539"]
[BlackElo "2260"]
[WhiteTeam "FID"]
[BlackTeam "ARG"]
[WhiteClock "0:01:04"]
[BlackClock "0:00:27"]

1. e4 c5 2. Nf3 a6 3. c4 Nc6 4. d4 cxd4 5. Nxd4 e5 6. Nf5 d5 7. cxd5 Bxf5 8. exf5 Nd4 9. Nc3 Bb4 10. a3 Bxc3+ 11. bxc3 Nxf5 12. Rb1 Nd6 13. c4 Nf6 14. Be2 O-O 15. O-O Nfe4 16. Qc2 Rc8 17. Bd3 b5 18. Bxe4 Rxc4 19. Bxh7+ Kh8 20. Qd3 Qh4 21. Bf5 Rd4 22. Qh3 1-0

[Event "December 19 Late 2023"]
[Site "https://www.chess.com"]
[Date "2023.12.19"]
[Round "2"]
[White "Pulpan, Jakub"]
[Black "Dardha, Daniel"]
[Result "0-1"]
[Board "25"]
[TimeControl "180+1"]
[WhiteFideId "302759"]
[BlackFideId "240990"]
[WhiteElo "2501"]
[BlackElo "2568"]
[WhiteTeam "CZE"]
[BlackTeam "BEL"]
[WhiteClock "0:00:46"]
[BlackClock "0:00:43"]

1. Nf3 Nf6 2. b3 b5 3. e4 Nxe4 4. Bxb5 e6 5. O-O Be7 6. Bb2 Nf6 7. d4 O-O 8. Bd3 Bb7 9. Nbd2 d5 10. Ne5 Nbd7 11. Ndf3 c5 12. Nxd7 Nxd7 13. c4 Bf6 14. Ne5 cxd4 15. Nxd7 Qxd7 16. cxd5 Qxd5 17. Qg4 Rfd8 18. Rad1 Qg5 19. Qh3 g6 20. Bc1 Qh4 21. Qxh4 Bxh4 22. Bf4 Rac8 23. Rd2 Bf6 24. Re1 g5 25. Bg3 Rc3 26. f3 Rdc8 27. h3 h5 28. Bd6 Rc1 29. Kf2 Bd5 30. Ba3 Rxe1 31. Kxe1 Be5 32. Bb2 Bf4 33. Re2 Be3 34. Kd1 f5 35. Rc2 Rxc2 36. Kxc2 Kf7 37. a4 Kf6 38. b4 e5 39. b5 e4 40. Be2 Ke6 41. a5 d3+ 42. Bxd3 exd3+ 43. Kxd3 Bg1 44. Bd4 Bxd4 45. Kxd4 Kd6 46. b6 axb6 47. axb6 g4 48. fxg4 fxg4 49. hxg4 hxg4 50. g3 Bf3 0-1

[Event "December 19 Late 2023"]
[Site "https://www.chess.com"]
[Date "2023.12.19"]
[Round "2"]
[White "Chigaev, Maksim"]
[Black "Rodriguez Fontecha, Marcos"]
[Result "1/2-1/2"]
[Board "26"]
[TimeControl "180+1"]
[WhiteFideId "4108116"]
[BlackFideId "2256576"]
[WhiteElo "2561"]
[BlackElo "2249"]
[WhiteTeam "ESP"]
[BlackTeam "ESP"]
[WhiteClock "0:00:10"]
[BlackClock "0:00:28"]

1. e4 e6 2. d3 d5 3. Nd2 Nf6 4. Ngf3 Nc6 5. Be2 Bc5 6. O-O O-O 7. e5 Nd7 8. c3 Bb6 9. d4 f6 10. exf6 Qxf6 11. Nb3 Qf7 12. a4 a6 13. a5 Ba7 14. Be3 e5 15. Nxe5 Ndxe5 16. dxe5 Nxe5 17. Bxa7 Rxa7 18. Qd4 Nc6 19. Qc5 Ra8 20. Bf3 Be6 21. Rae1 Kh8 22. Re3 Rad8 23. Rfe1 Bc8 24. Nd4 Nxd4 25. Qxd4 c6 26. b4 Rde8 27. Rxe8 Rxe8 28. Rxe8+ Qxe8 29. Qe3 Qg6 30. h4 h6 31. Qe5 Kh7 32. Kh2 Bf5 33. Qe7 Be4 34. Bxe4 dxe4 35. Qe5 Qg4 36. h5 Qh4+ 37. Kg1 Qg4 38. Qd4 Qf5 39. g3 Qf3 40. Qe5 Qd1+ 41. Kh2 Qg4 42. Qe8 Qf5 43. Kg1 Qg4 44. Qe5 Qd1+ 45. Kh2 Qg4 46. Qe8 Qf5 47. Kg1 1/2-1/2

[Event "December 19 Late 2023"]
[Site "https://www.chess.com"]
[Date "2023.12.19"]
[Round "2"]
[White "Postlmayer, Jakob"]
[Black "Ibarra Jerez, Jose Carlos"]
[Result "1/2-1/2"]
[Board "27"]
[TimeControl "180+1"]
[WhiteFideId "1643622"]
[BlackFideId "2226332"]
[WhiteElo "2337"]
[BlackElo "2634"]
[WhiteTeam "AUT"]
[BlackTeam "ESP"]
[WhiteClock "0:00:05"]
[BlackClock "0:00:05"]

1. c4 e5 2. d3 Nf6 3. Nf3 c6 4. g3 h6 5. Bg2 Bd6 6. O-O Bc7 7. e4 O-O 8. Nc3 Re8 9. Re1 d5 10. cxd5 cxd5 11. exd5 Na6 12. a3 Bg4 13. h3 Bh5 14. g4 Bg6 15. Nh4 Bh7 16. b4 Bb6 17. Nf3 e4 18. dxe4 Nxe4 19. Nxe4 Bxe4 20. Bb2 Qxd5 21. Qxd5 Bxd5 22. Rad1 Bb3 23. Rxe8+ Rxe8 24. Re1 Rd8 25. Bc1 Nc7 26. Be3 Nb5 27. Bxb6 axb6 28. Re3 Rd1+ 29. Kh2 Bd5 30. a4 Nd6 31. Ne5 Bxg2 32. Kxg2 f6 33. Nd7 Nc4 34. Rc3 Rd4 35. a5 bxa5 36. bxa5 Nxa5 37. Nc5 Rd5 38. Ne4 Rd7 39. f4 Nc6 40. Rc5 Rd4 41. Kf3 Rd3+ 42. Ke2 Rxh3 43. Nd6 Nd4+ 44. Kd2 Ne6 45. Rc8+ Kh7 46. f5 Ng5 47. Rc7 Nf3+ 48. Kc1 Ne5 49. Ne8 Kh8 50. Nxg7 Nxg4 51. Ne6 Rf3 52. Rc8+ Kh7 53. Rc7+ Kg8 54. Rg7+ Kh8 55. Rxg4 Rxf5 56. Nf8 h5 57. Rg1 h4 58. Kd2 h3 59. Rh1 Rh5 60. Ng6+ Kg7 61. Nf4 Rh4 62. Nxh3 Kf7 63. Nf2 Rd4+ 64. Ke3 Ra4 65. Rb1 Ra3+ 66. Nd3 Ra7 67. Nc5 Kg6 68. Nxb7 Ra4 69. Nc5 Rh4 70. Nd3 Kf5 71. Rf1+ Ke6 72. Nf4+ Kf7 73. Ne2 Rh3+ 74. Ke4 Rh4+ 75. Nf4 Rh8 76. Rb1 Re8+ 77. Kf3 Re7 78. Rb6 Ra7 79. Kg4 Ra4 80. Rb7+ Ke8 81. Kf5 Ra1 82. Nd5 Kd8 83. Ke6 Ra6+ 84. Kf7 Rd6 85. Nxf6 Rd1 86. Rb4 Rf1 87. Ke6 Re1+ 88. Ne4 Kc7 89. Rc4+ Kd8 90. Ke5 Re2 91. Rd4+ Ke7 92. Ra4 Re1 93. Ra7+ Ke8 94. Kd5 Rd1+ 95. Ke6 Kd8 96. Nf6 Re1+ 97. Kd6 Rd1+ 98. Nd5 Ke8 99. Rh7 Rd2 100. Rh5 Rd1 101. Ke6 Re1+ 102. Kd6 Rd1 103. Rg5 Rd2 104. Rf5 Rd1 105. Ke6 Re1+ 106. Kf6 Rd1 107. Nf4 Re1 108. Ne6 Kd7 109. Rd5+ Kc6 110. Rd2 Rf1+ 111. Ke7 Rh1 112. Rd6+ Kb5 113. Kd7 Kc4 114. Kc6 Rh8 115. Rd4+ Kc3 116. Rg4 Rc8+ 117. Kd5 Ra8 118. Rg3+ Kd2 119. Nc5 Rd8+ 120. Kc4 Rc8 121. Kd4 Rd8+ 122. Kc4 Rc8 123. Rh3 Ke2 124. Rh5 Ke3 125. Re5+ Kd2 126. Kb3 Rb8+ 127. Kc4 Rc8 128. Rh5 Ke3 129. Rh3+ Kf4 130. Kd4 Rd8+ 131. Kc4 Rc8 132. Kd5 Rd8+ 133. Kc6 Rc8+ 134. Kd6 Kg4 135. Rb3 1/2-1/2